 Dungeon Crawl Stone Soup version 0.27.1-2-g3b301248ec (webtiles) character file.

Game seed: 5770453534113274849

7700 bnorton916 the Thaumaturge (level 11, -17/64 HPs)
             Began as a Deep Elf Conjurer on Sept 29, 2021.
             Was a Follower of Ashenzari.
             Demolished by a death yak (21 damage)
             ... on level 11 of the Dungeon.
             The game lasted 00:25:45 (16893 turns).

bnorton916 the Thaumaturge (Deep Elf Conjurer)     Turns: 16893, Time: 00:25:45

Health: -17/64     AC:  7    Str:  5    XL:     11   Next: 0%
Magic:  3/35       EV: 13    Int: 26    God:    Ashenzari [*.....]
Gold:   538        SH:  0    Dex: 13    Spells: 14/29 levels left

rFire    . . .     SeeInvis .   H - +3 short sword (freeze)
rCold    . . .     Faith    .   (no shield)
rNeg     + . .     Spirit   .   B - +3 leather armour of the Unveiling Shame {rN+, Comp, Elem} (curse)
rPois    .         Reflect  .   (no helmet)
rElec    .         Harm     .   (no cloak)
rCorr    .         Rampage  .   c - +0 pair of gloves
Will     +....                  (no boots)
Stlth    ++........             (no amulet)
HPRegen  0.20/turn              y - ring of the Prescient Comet {MP+9, Self, Evo} (curse)
MPRegen  0.24/turn              (no ring)

@: about to teleport
A: no striking features
a: Renounce Religion, Shatter the Chains


You were on level 11 of the Dungeon.
You worshipped Ashenzari.
Ashenzari was aware of your devotion.
You visited 2 branches of the dungeon, and saw 12 of its levels.
You also visited: Sewer.

You collected 538 gold pieces.

Inventory:

Hand Weapons
 a - a +2 dagger of venom
 D - the +7 rapier "Goblinslayer" {vorpal, rPois rN++ Str-3 Dex+2}
   (You found it on level 6 of the Dungeon)

   It inflicts extra damage upon your enemies.
   Str:       It affects your strength (-3).
   Dex:       It affects your dexterity (+2).
   rPois:     It protects you from poison.
   rN:        It greatly protects you from negative energy.
 G - a +4 battleaxe
 H - a +3 short sword of freezing (weapon)
 J - a +4 scimitar
Missiles
 r - 149 stones
 u - 3 throwing nets
 z - 4 poisoned darts
Armour
 c - a +0 pair of gloves (worn)
 v - a +0 leather armour of willpower
 B - the cursed +3 leather armour of the Unveiling Shame (worn) {rN+, Comp, Elem}
   (You took it off an orc on level 6 of the Dungeon)

   It has a curse which improves the following skills: Companions: Summonings
   and Necromancy.
   Elements:  Fire Magic, Ice Magic, Air Magic and Earth Magic.
 K - +0 gold dragon scales
Jewellery
 y - the cursed ring of the Prescient Comet (left hand) {MP+9, Self, Evo}
   (You found it on level 5 of the Dungeon)

   [ring of magical power]

   MP:        It affects your magic capacity (+9).
   It has a curse which improves the following skills: Introspection: Fighting
   and Spellcasting.
   Evocations: Evocations.
 C - a ring of flight
Wands
 h - a wand of flame (18)
 n - a wand of charming (8)
 s - a wand of mindburst (12)
 F - a wand of acid (9)
 I - a wand of paralysis (7)
Scrolls
 b - 7 scrolls of teleportation
 e - 10 scrolls of identify
 i - 3 scrolls of immolation
 q - a scroll of enchant armour
 t - a scroll of fog
 w - a scroll of summoning
 x - 4 scrolls of fear
 E - a scroll of holy word
Potions
 f - 3 potions of degeneration
 g - a potion of lignification
 j - 3 potions of brilliance
 k - 5 potions of heal wounds
 l - 3 potions of curing
 m - 2 potions of resistance
 o - a potion of might
 p - a potion of invisibility
 A - 3 potions of flight


   Skills:
 + Level 5.3(6.3) Fighting
 - Level 4.0 Armour
 - Level 6.9 Dodging
 - Level 2.4 Stealth
 - Level 9.0(9.9) Spellcasting
 + Level 8.8 Conjurations
 - Level 6.3 Hexes
 - Level 5.2 Translocations
 - Level 3.1(4.0) Fire Magic
 - Level 4.2(5.1) Ice Magic
 - Level 1.3(2.0) Air Magic
 - Level 4.2(5.1) Earth Magic
 - Level 2.5(3.4) Evocations


You had 14 spell levels left.
You knew the following spells:

 Your Spells              Type           Power      Damage    Failure   Level
a - Magic Dart            Conj           100%       1d8       1%          1
b - Searing Ray           Conj           100%       3d7       1%          2
c - Fulminant Prism       Conj/Hex       25%        3d14      3%          4
d - Iskenderun's Mystic   Conj/Tloc      49%        2d11      4%          4
e - Sandblast             Erth           78%        2d17      1%          1
f - Frozen Ramparts       Ice            78%        1d9       2%          3

Your spell library contained the following spells:

 Spells                   Type           Power      Damage    Failure   Level
 Freeze                   Ice            100%       1d11      1%          1
 Dazzling Flash           Conj/Hex       100%       N/A       1%          3
 Portal Projectile        Hex/Tloc       86%        N/A       1%          3
 Passwall                 Tmut/Erth      21%        N/A       3%          2
 Hailstorm                Conj/Ice       49%        3d11      4%          4
 Sublimation of Blood     Necr           6%         N/A       11%         2
 Petrify                  Tmut/Erth      26%        N/A       24%         4
 Lee's Rapid Deconstruct  Erth           19%        3d12*     24%         5
 Irradiate                Conj/Tmut      18%        3d19      32%         5
 Excruciating Wounds      Necr           6%         N/A       88%         5
 Blade Hands              Tmut           6%         N/A       90%         5


Dungeon Overview and Level Annotations

Branches:
Dungeon (11/15)            Temple (1/1) D:5             Orc (0/2) D:9
  Sewer (visited)
   Lair: D:8-11

Altars:
Ashenzari
Cheibriados
Dithmenos
Elyvilon
Fedhas
Gozag
Hepliaklqana
Kikubaaqudgha
Makhleb
Nemelex Xobeh
Okawaru
Qazlal
Ru
Sif Muna
Trog
Uskayaw
Vehumet
Wu Jian
Xom
Yredelemnul
Zin
The Shining One

Portals:
Bailey: D:10

Annotations:
D:8 1 runed translucent door, Golfball's ghost, novice TrFi
D:10 Fannar


Message History

The manticore is severely wounded.
Unknown command.
Casting: Searing Ray (safe; 1% risk of failure)
Confirm with . or Enter, or press ? or * to list all spells.
You erupt in a blast of force!
The mystic blast hits the manticore!
The manticore is almost dead.
The manticore is knocked back by the mystic blast.
The manticore slams into the rock wall!
A boulder beetle comes into view.
The manticore bites you. The manticore claws you!
* * * LOW HITPOINT WARNING * * *
The manticore claws you!
* * * LOW HITPOINT WARNING * * *
Unknown command.
Unknown command.
Unknown command.
Aiming: Corrosive Bolt
Press: ? - help, Shift-Dir - straight line The bolt of acid hits the manticore!
The manticore is splashed with acid!
The acid corrodes the manticore!
You kill the manticore!
You carefully extract the barbed spikes from your body.
You have reached level 11!
As you read the scroll of teleportation, it crumbles to dust.
You feel strangely unstable.
As you read the scroll of fear, it crumbles to dust.
You assume a fearsome visage.
The boulder beetle looks frightened!
A boulder beetle is nearby!
Your surroundings seem slightly different.
The boulder beetle stops rolling and uncurls.
A death yak comes into view.
A death yak comes into view.
A death yak comes into view.
You open the door.
You close the door.
As you read the scroll of teleportation, it crumbles to dust.
You feel strangely unstable.
The death yak bellows!
The death yak gores you!!
You die...

#..........#
#..........##
#...........#
#......))<..#
#...)..)....#
#....###...##
####....# #+###
........#
.......@#
.......Y+.....#
.####..Y###...#
#...# .# .....
...... ......Y
.........


You could see 3 death yaks.

Vanquished Creatures
  A two-headed ogre (D:8)
  A manticore (D:11)
  A gargoyle (D:11)
  Sigmund (D:3)
  A wraith (D:10)
  A wyvern (D:8)
  8 yaks (D:9)
  Eustachio (D:9)
  A steam dragon (D:9)
  2 water moccasins
  8 orc warriors
  A black bear (D:6)
  2 centaurs (D:9)
  A kobold brigand (Sewer)
  A bullfrog (D:7)
  A wyvern zombie (D:6)
  2 gnoll sergeants
  2 scorpions (D:5)
  A water moccasin skeleton (D:7)
  10 killer bees
  19 wights (D:8)
  4 howler monkeys
  3 hounds
  13 orc priests
  5 jellies
  A centaur skeleton (D:2)
  2 gnoll shamans
  Jessica (D:2)
  13 orc wizards
  Terence (D:2)
  Ijyb (D:3)
  A hound zombie (D:5)
  15 gnolls
  5 adders
  A howler monkey skeleton (D:6)
  2 river rats (Sewer)
  A shadow imp (D:6)
  A white imp (D:7)
  An ufetubus (D:4)
  An adder skeleton (D:4)
  2 worms
  2 dart slugs (D:1)
  35 orcs
  3 endoplasms
  4 giant cockroaches
  6 goblins
  3 hobgoblins
  5 jackals
  4 quokkas
  12 ball pythons
  A bat (D:2)
  3 frilled lizards
  8 kobolds
  8 rats
  A bush (D:9)
235 creatures vanquished.

Vanquished Creatures (others)
  An orc wizard (D:9)
  39 fulminant prisms
  10 fungi (D:4)
50 creatures vanquished.

Grand Total: 285 creatures vanquished

Notes
Turn   | Place    | Note
-------+----------+-------------------------------------------
     0 | D:1      | bnorton916 the Deep Elf Conjurer began the quest for the
                  | Orb.
     0 | D:1      | Reached XP level 1. HP: 10/10 MP: 6/6
   393 | D:1      | Reached XP level 2. HP: 10/15 MP: 4/8
   634 | D:1      | Reached skill level 5 in Conjurations
   857 | D:1      | Learned a level 2 spell: Searing Ray
   893 | D:2      | Reached XP level 3. HP: 15/19 MP: 1/9
  1160 | D:2      | Found a faded altar of an unknown god.
  1686 | D:2      | Noticed Terence
  1692 | D:2      | Killed Terence
  1693 | D:2      | Reached XP level 4. HP: 11/24 MP: 2/11
  1850 | D:2      | Reached skill level 4 in Spellcasting
  1850 | D:2      | Noticed Jessica
  1853 | D:2      | Killed Jessica
  2298 | D:3      | Reached XP level 5. HP: 28/28 MP: 7/13
  2357 | D:3      | Found an iron altar of Okawaru.
  2594 | D:3      | Noticed Sigmund
  2602 | D:3      | Killed Sigmund
  2603 | D:3      | Reached skill level 5 in Spellcasting
  2603 | D:3      | Reached XP level 6. HP: 32/32 MP: 6/16
  2608 | D:3      | Learned a level 4 spell: Fulminant Prism
  2613 | D:3      | Learned a level 4 spell: Iskenderun's Mystic Blast
  2800 | D:3      | Noticed Ijyb
  2806 | D:3      | Killed Ijyb
  2807 | D:3      | Reached skill level 1 in Hexes
  3163 | D:4      | Reached skill level 1 in Translocations
  3764 | D:4      | Learned a level 1 spell: Sandblast
  3946 | D:4      | Learned a level 3 spell: Frozen Ramparts
  4497 | D:5      | Entered Level 5 of the Dungeon
  4534 | D:5      | Reached XP level 7. HP: 36/36 MP: 10/17
  5231 | D:5      | Reached skill level 5 in Hexes
  6253 | D:5      | Found a staircase to the Ecumenical Temple.
  6270 | Temple   | Entered the Ecumenical Temple
  6383 | Temple   | Became a worshipper of Ashenzari the Shackled
  6606 | D:5      | Found a sacrificial altar of Ru.
  6793 | D:6      | Noticed Eustachio
  6912 | D:6      | Reached skill level 5 in Translocations
  6912 | D:6      | Reached XP level 8. HP: 33/41 MP: 18/18
  6993 | D:6      | Found a glowing drain.
  7000 | Sewer    | Entered a sewer
  7301 | Sewer    | Reached skill level 1 in Ice Magic
  7301 | Sewer    | Reached skill level 1 in Earth Magic
  7544 | Sewer    | Found a glowing silver altar of Zin.
  7894 | D:6      | Identified the +7 rapier "Goblinslayer" {vorpal, rPois rN++
                  | Str-3 Dex+2}
  8157 | D:6      | Reached skill level 1 in Armour
  9916 | D:7      | Reached XP level 9. HP: 36/46 MP: 18/19
 10198 | D:7      | Found a stormy altar of Qazlal.
 10198 | D:7      | Found a shadowy altar of Dithmenos.
 11123 | D:8      | Reached skill level 1 in Evocations
 11126 | D:8      | Reached skill level 1 in Fighting
 11783 | D:8      | Noticed a two-headed ogre
 11794 | D:8      | Killed a two-headed ogre
 11795 | D:8      | Reached skill level 6 in Spellcasting
 12265 | D:8      | Found a runed translucent door.
 12265 | D:8      | Noticed Golfball's ghost (novice TrFi)
 12398 | D:8      | Reached skill level 7 in Spellcasting
 12483 | D:8      | Reached skill level 5 in Dodging
 12792 | D:9      | Reached XP level 10. HP: 51/56 MP: 21/24
 12946 | D:9      | Reached skill level 8 in Spellcasting
 13114 | D:9      | Reached skill level 9 in Spellcasting
 13340 | D:9      | Reached * piety under Ashenzari
 13406 | D:9      | Reached skill level 1 in Fire Magic
 13482 | D:9      | Reached skill level 1 in Air Magic
 14420 | D:9      | Killed Eustachio
 15190 | D:9      | Found a staircase to the Orcish Mines.
 15820 | D:10     | Entered Level 10 of the Dungeon
 15983 | D:10     | Found a flagged portal.
 15989 | D:10     | Noticed Fannar
 15993 | D:10     | HP: 2/60 [Fannar/refrigeration (26)]
 16861 | D:11     | Noticed a gargoyle
 16872 | D:11     | Killed a gargoyle
 16873 | D:11     | Reached skill level 5 in Fighting
 16874 | D:11     | Noticed a manticore
 16877 | D:11     | HP: 3/60 [manticore/volley of spikes (13)]
 16882 | D:11     | Noticed a boulder beetle
 16882 | D:11     | HP: 2/60 [manticore (11)]
 16883 | D:11     | Killed a manticore
 16884 | D:11     | Reached XP level 11. HP: 2/64 MP: 0/26
 16888 | D:11     | Noticed a death yak
 16889 | D:11     | Noticed a death yak
 16890 | D:11     | Noticed a death yak
 16893 | D:11     | Demolished by a death yak

Illustrated notes

Levels and vault maps discovered:
D:1:      dpeg_arrival_tiny_j, layout_loops_cross, minmay_splitting_lines,
          minmay_misc_feat_rugged
D:2:      layout_rooms, chequers_ecumenical_altar_island, uniq_jessica,
          uniq_terence
D:3:      layout_basic, nicolae_overflow_hidden_temple, nrook_campfire,
          dk_vineyard_2, uniq_sigmund, uniq_ijyb
D:4:      layout_basic, serial_aquarium, aquarium_bridge_square
          [aquarium_subvault_bridge, aquarium_subvault_bridge,
          aquarium_subvault_bridge, aquarium_subvault_window],
          aquarium_bridge_square [aquarium_subvault_balcony,
          aquarium_subvault_window, aquarium_subvault_bridge,
          aquarium_subvault_bridge], aquarium_window_fake, aquarium_window_2,
          aquarium_view_2a, aquarium_view_2c, aquarium_balcony_3b
D:5:      layout_cave_pools, overflow_temple_1_default,
          minmay_temple_entry_proselytizer, hex_tiny
D:6:      layout_basic, gup_sewer_entry_bubbles, minmay_holes, uniq_eustachio
D:7:      layout_layer_cave, gammafunk_temple_overflow_wave
D:8:      layout_basic, hellmonk_ghost_happy_afterlife, dk_rats_in_the_wall
D:9:      layout_cave_pools, david_orc_4, serial_co_window_serial,
          co_window_of_opportunity_a, co_window_corner_a, co_window_paths_b,
          co_window_of_opportunity_a, co_window_corner_a, co_window_paths_a,
          co_window_corner_a, co_window_broadway_b, co_window_broadway_c,
          co_window_corner_ca, co_window_unsneaky_path_d, co_window_broadway_b,
          glass_columns_a, glass_columns_a, glass_columns_a, glass_columns_b,
          glass_columns_b, kb_lookout_dungeons_type
D:10:     layout_loops_cross, enter_bailey_5, uniq_fannar
D:11:     layout_gridville, dpeg_lair_monsters, uniq_sonja
Temple:   hc_temple_tempest_star

Skill      XL: |  1  2  3  4  5  6  7  8  9 10 |
---------------+-------------------------------+-----
Conjurations   | 5 6 7 8 |  8.8
Spellcasting   | 4 5 7 9 |  9.0
Hexes          | 3 6 |  6.3
Translocations | 3 5 |  5.2
Ice Magic      | 4 |  4.2
Earth Magic    | 4 |  4.2
Armour         | 2 4 |  4.0
Evocations     | 2 |  2.5
Fighting       | 3 5 |  5.3
Dodging        | 5 6 |  6.9
Fire Magic     | 3 |  3.1
Air Magic      | 1 |  1.3
Stealth        | |  2.4

Action                   |  1- 3 |  4- 6 |  7- 9 | 10-12 || total
-------------------------+-------+-------+-------+-------++-------
Melee: Unarmed           |       |       |     2 |       ||     2
       Short sword       |       |       |       |    32 ||    32
 Cast: Magic Dart        |    53 |    87 |   100 |    30 ||   270
       Searing Ray       |     5 |     6 |    62 |    22 ||    95
       Fulminant Prism   |       |       |    13 |    26 ||    39
       Iskenderun's Myst |       |       |     6 |    14 ||    20
       Sandblast         |       |       |    12 |    23 ||    35
Invok: Curse Item        |       |       |     1 |     1 ||     2
Evoke: Wand              |       |       |       |     1 ||     1
  Use: Potion            |       |       |     1 |     1 ||     2
       Scroll            |       |       |       |     7 ||     7
Armor: Robe              |     1 |     2 |    15 |       ||    18
       Leather armour    |       |       |     2 |    11 ||    13
Dodge: Dodged            |     4 |     5 |    56 |    29 ||    94
